 Dungeon Crawl Stone Soup version 0.31-a0-115-g4708a659fe (webtiles) character file.

Game seed: 6709976446290202571

32 frimble the Grasshopper (level 3, -1/25 HPs)
             Began as an Octopode Warper on May 30, 2023.
             Slain by a gnoll
             ... wielding a +0 flail
              (14 damage)
             ... on level 1 of the Dungeon.
             The game lasted 00:01:07 (760 turns).

frimble the Grasshopper (Octopode Warper)            Turns: 760, Time: 00:01:07

Health: -1/25      AC:  1    Str: 10    XL:     3   Next: 27%
Magic:  6/6        EV: 13    Int: 15    God:
Gold:   27         SH:  0    Dex: 13    Spells: 6/6 levels left

rFire   . . .        a - +0 short sword (vamp)
rCold   . . .        (no shield)
rNeg    . . .        (helmet restricted)
rPois   .            (no amulet)
rElec   .            (no ring)
rCorr   .            (no ring)
SInv    .            (no ring)
Will    .....        (no ring)
Stlth   ++           (no ring)
HPRegen 0.24/turn    (no ring)
MPRegen 0.10/turn    (no ring)
                     (no ring)

%: no passive effects
@: no status effects
A: almost no armour, amphibious, 8 rings, camouflage 1, gelatinous body 1,
(nimble swimmer 1), tentacles
a: no special abilities


You were on level 1 of the Dungeon.
You visited 1 branch of the dungeon, and saw 2 of its levels.

You collected 27 gold pieces.

Inventory:

Hand Weapons
 a - a +0 vampiric short sword (weapon)
Missiles
 c - 7 boomerangs of dispersal (quivered)
Scrolls
 b - a scroll of blinking
 d - a scroll of teleportation
Potions
 f - a potion of magic


   Skills:
 + Level 2.8 Fighting
 + Level 2.8 Short Blades
 - Level 1.1 Throwing
 - Level 2.3 Dodging
 - Level 2.0 Spellcasting
 - Level 3.0 Translocations


You had 6 spell levels left.
You didn't know any spells.
Your spell library contained the following spells:

 Spells                   Type           Power      Damage    Failure   Level
 Blink                    Tloc           20%        N/A       10%         2
 Lesser Beckoning         Tloc           20%        N/A       10%         2
 Teleport Other           Tloc           10%        N/A       19%         3
 Vhi's Electric Charge    Tloc/Air       12%        N/A       34%         3
 Manifold Assault         Tloc           10%        N/A       54%         4


Dungeon Overview and Level Annotations

Branches:
Dungeon (2/15)

Altars:


Innate Abilities, Weirdness & Mutations

You cannot wear most types of armour.
You are amphibious.
You can wear up to eight rings at the same time.
Your skin changes colour to match your surroundings (Stealth+).
Your rubbery body absorbs attacks. (AC +1, EV +1)
((You are camouflaged when in or above water. (Stealth+)))
You have tentacles for arms and can constrict up to eight enemies at once.


Message History

As you read the scroll labelled REPA MYXTA, it crumbles to dust.
It is a scroll of amnesia.
You feel forgetful for a moment.
As you read the scroll labelled UBAT ALICOUQ, it crumbles to dust.
It is a scroll of brand weapon.
Your +0 short sword thirsts for the lives of mortals!
a - a +0 vampiric short sword (weapon)
Found a robe.
Your surroundings suddenly seem different. 3 gnolls come into view.
Found a scroll labelled WEUNWE CUOZ.
Found an escape hatch in the ceiling.
Found a stone staircase leading up.
The gnoll shouts! x2; You hear a shout!
The gnoll shouts!
A gnoll comes into view. It is wielding a +0 spear.
You hit the gnoll. You grab the gnoll.
The gnoll is lightly wounded.
You constrict the gnoll. You barely miss the gnoll.
You squeeze the gnoll, but do no damage.
The gnoll is moderately wounded.
You constrict the gnoll, but do no damage.
The gnoll struggles to escape constriction.
You hit the gnoll. You squeeze the gnoll!
You kill the gnoll!
The gnoll hits you with a +0 flail!
The gnoll throws a throwing net.
The throwing net barely misses you.
You have reached level 3!
Your experience leads to an increase in your attributes!
Increase (S)trength, (I)ntelligence, or (D)exterity?
You feel agile. x2
The gnoll attacks as you move away! The gnoll closely misses you.
There is an escape hatch in the ceiling here.
The gnoll hits you with a +0 flail. A mysterious force pulls you upwards.
The hatch slams shut behind you.
You barely miss the gnoll. You grab the gnoll. You squeeze the gnoll.
The gnoll is moderately wounded.
You constrict the gnoll. The gnoll hits you with a +0 flail!
Ouch! That really hurt!
You die...

#.#..##....#≈# #...# #.##..
##.#..#######≈###...# #.###.
...#..# ##≈##....# #.....
...#).## #.≈...#.## #####.
.......# #.~..##.# ## ...#.###
###.~.###.# ####
...#.#####..#### #.# #...
...#.#....)..#####.#
########.##
####............@g.#
#.....#....
###....#############.....#....
#....# #............. ######
#.########.... #...######....
#............. #...#########.
#...# ## #...#


You could see a gnoll.

Vanquished Creatures
  A gnoll (D:2)
  A ball python (D:1)
  4 endoplasms (D:1)
  A goblin (D:1)
  2 hobgoblins (D:1)
  3 kobolds (D:1)
  A quokka (D:1)
  3 bats (D:1)
  2 frilled lizards (D:1)
  3 rats (D:1)
21 creatures vanquished.

Notes
Turn   | Place    | Note
-------+----------+-------------------------------------------
     0 | D:1      | frimble the Octopode Warper began the quest for the Orb.
     0 | D:1      | Reached XP level 1. HP: 14/14 MP: 3/3
   210 | D:1      | Reached XP level 2. HP: 19/19 MP: 5/5
   754 | D:2      | Reached XP level 3. HP: 14/25 MP: 6/6
   760 | D:1      | Slain by a gnoll

Illustrated notes

Levels and vault maps discovered:
D:1:      heliophobic_arrival_battle_scene, layout_basic,
          chequers_serial_rivers_micro_b
D:2:      layout_rooms, uniq_crazy_yiuf_cottage

Action                     || total
---------------------------++-------
  Melee: Short sword       ||    57
         Constrict         ||    12
         Tentacles         ||    12
         Punch             ||     1
    Use: Scroll            ||     5
   Stab: Sleeping          ||     2
 Armour: Skin              ||     3
  Dodge: Dodged            ||    45

Table legend: (Time is in decaauts)
 A = Elapsed time spent in this place.
 B = Non-inter-level travel time spent in this place.
 C = Inter-level travel time spent in this place.
 D = Time resting spent in this place.
 E = Time spent auto-exploring this place.
 F = Levels seen in this place.
 G = Mean time per level.
                   A        B        C        D        E       F      G
               +--------+--------+--------+--------+--------+-----+--------+
         Total |    753 |    737 |     16 |      0 |    576 |   2 |  376.5 |
       Dungeon |    753 |    737 |     16 |      0 |    576 |   2 |  376.5 |
               +--------+--------+--------+--------+--------+-----+--------+

Top non-repeatable levels by time:
     D:1: 738 daAuts
     D:2: 14 daAuts
